 Dungeon Crawl Stone Soup version 0.21.1 (webtiles) character file.

56 shakethe the Unweaver (level 3, 0/29 HPs)
             Began as a Demonspawn Abyssal Knight on Feb 3, 2018.
             Was a Follower of Lugonu.
             Slain by a hobgoblin (2 damage)
             ... on level 2 of the Dungeon.
             The game lasted 00:06:45 (1404 turns).

shakethe the Unweaver (Demonspawn Abyssal Knight)   Turns: 1404, Time: 00:06:45

Health: 0/29       AC:  6    Str: 13    XL:     3   Next: 69%
Magic:  6/6        EV:  9    Int: 13    God:    Lugonu [*.....]
Gold:   92         SH:  0    Dex: 12    Spells: 2/2 levels left

rFire    . . .     SeeInvis .   a - +1 mace
rCold    . . .     Gourm    .   (no shield)
rNeg     . . .     Faith    .   e - +0 scale mail
rPois    .         Spirit   .   (no helmet)
rElec    .         Reflect  .   (no cloak)
rCorr    .         Harm     .   (no gloves)
MR       .....                  (no boots)
Stlth    ..........             (no amulet)
HPRegen  0.09/turn              (no ring)
MPRegen  0.10/turn              (no ring)

@: no status effects
A: talons 1
a: Depart the Abyss, Renounce Religion


You were on level 2 of the Dungeon.
You worshipped Lugonu.
Lugonu was aware of your devotion.
You were not hungry.

You visited 1 branch of the dungeon, and saw 2 of its levels.
You visited the Abyss 1 time.

You collected 92 gold pieces.

Inventory:

Hand Weapons
 a - a +1 mace (weapon)
Armour
 b - a +0 leather armour
 d - a +0 ring mail
 e - a +0 scale mail (worn)
Jewellery
 k - an uncursed ring of protection from fire
Scrolls
 f - 2 scrolls of remove curse
 g - a scroll of fear {unknown}
 j - a scroll of identify
Potions
 i - a potion of curing {unknown}
Comestibles
 c - 3 rations
 h - 2 chunks of flesh


   Skills:
 - Level 3.0 Fighting
 + Level 2.9 Maces & Flails
 - Level 1.7 Armour
 - Level 0.8 Dodging
 + Level 4.1 Invocations


You had 2 spell levels left.
You didn't know any spells.

Dungeon Overview and Level Annotations

Branches:
Dungeon (2/15)

Altars:


Innate Abilities, Weirdness & Mutations

You have sharp toenails.


Message History

Lugonu accepts your kill. The jackal bites you.
The dart slug barely misses you.
You closely miss the jackal.
The jackal bites you but does no damage. x3
The jackal closely misses you. The dart slug bites you.
You barely miss the jackal.
The jackal bites you but does no damage.
The jackal barely misses you. The jackal closely misses you.
The jackal bites you but does no damage.
The dart slug launches a dart at you. The slug dart hits you!
* * * LOW HITPOINT WARNING * * *
The jackal closely misses you.
The jackal bites you but does no damage.
The dart slug bites you but does no damage.
The jackal closely misses you.
The jackal bites you but does no damage.
The hobgoblin misses you. The jackal barely misses you. The hobgoblin hits you.
You die...

####........
.?...##...
#......#
#######......#
.......÷.....#
#########.(..h.#
.........†)..wh#
#######(##.###g#
#.##.###@##
#.##............
##(.)############
##.<†..##
#######.......#
..............#
#######.....<.#
##.....## ##...##


You could see a dart slug, 2 jackals and a hobgoblin.

Vanquished Creatures
  A gnoll (D:1)
  An adder (D:1)
  An ooze (D:1)
  A worm (D:2)
  A dart slug (D:2)
  A leopard gecko (D:2)
  2 bats (D:1)
  4 goblins
  A hobgoblin (D:1)
  2 jackals (D:2)
  5 kobolds
  A ball python (D:1)
  4 frilled lizards
  3 rats (D:1)
28 creatures vanquished.

Notes
Turn   | Place    | Note
-------+----------+-------------------------------------------
     0 | Abyss:1  | shakethe the Demonspawn Abyssal Knight began the quest for the Orb.
     0 | Abyss:1  | Reached XP level 1. HP: 18/18 MP: 2/2
     0 | D:1      | Escaped the Abyss
   123 | D:1      | Reached * piety under Lugonu
   133 | D:1      | Reached skill level 3 in Invocations
   137 | D:1      | Gained mutation: You have sharp toenails. [demonic ancestry]
   137 | D:1      | Reached XP level 2. HP: 23/24 MP: 2/4
   833 | D:1      | Reached XP level 3. HP: 28/29 MP: 5/5
  1143 | D:1      | Reached skill level 4 in Invocations
  1397 | D:2      | HP: 1/29 [dart slug/slug dart (8)]
  1404 | D:2      | Slain by a hobgoblin

Skill      XL: |  1  2  3 |
---------------+----------+-----
Maces & Flails | 2 |  2.9
Invocations    | 3 4 |  4.1
Fighting       | |  3.0
Armour         | |  1.7
Dodging        | |  0.8

Action                   || total
-------------------------++-------
Melee: Mace              ||    91
       Kick              ||    12
Invok: Depart the Abyss  ||     1
  Use: Scroll            ||     6
       Potion            ||     1
  Eat: Chunk             ||     2
Armor: Leather armour    ||     5
       Scale mail        ||    76
Dodge: Dodged            ||    88
